 Dungeon Sprint DCSS version 0.30-a0-930-gb9d0489357 (webtiles) character file.

Game seed: 17365710345303226194

12978 BigDaddyOpFi the End of an Era (level 12, -16/119 HPs)
             Began as a Hill Orc Fighter on Mar 23, 2023.
             Was the Champion of Qazlal.
             Killed from afar by Arachne (50 damage)
             ... with a poison arrow
             ... in the Dungeon (Sprint VII: "The Pits").
             The game lasted 00:02:49 (2054 turns).

BigDaddyOpFi the End of an Era (Hill Orc Fighter)   Turns: 2054, Time: 00:02:50

Health: -16/119    AC: 21    Str: 27    XL:     12   Next: 1%
Magic:  8/26       EV:  7    Int:  8    God:    Qazlal [******]
Gold:   0          SH:  0    Dex: 10    Spells: 11/11 levels left

rFire   . . .      SeeInvis .    q - +1 broad axe (freeze)
rCold   . . .      Faith    .    c - +0 buckler
rNeg    . . .      Spirit   .    o - +4 chain mail
rPois   .          Reflect  .    (no helmet)
rElec   .          Rampage  .    (no cloak)
rCorr   .          NoTele   +    p - +0 pair of gloves
Will    .....                    (no boots) Stlth
                                 (no amulet)
HPRegen 0.39/turn                b - +3 ring of evasion
MPRegen 0.20/turn                m - +3 ring of strength

@: lethally poisoned (-16 -> -38), protected from physical damage, held, repel
missiles
A: no striking features
a: Renounce Religion, Upheaval, Elemental Force, Disaster Area


You were in the Dungeon.
You worshipped Qazlal.
Qazlal was exalted by your worship.
You visited 1 branch

Inventory:

Hand Weapons
 q - a +1 broad axe of freezing (weapon)
Missiles
 a - a throwing net (quivered)
Armour
 c - a +0 buckler (worn)
 o - a +4 chain mail (worn)
 p - a +0 pair of gloves (worn)
Jewellery
 b - a +3 ring of evasion (left hand)
 m - a +3 ring of strength (right hand)
Scrolls
 j - a scroll of blinking
Potions
 d - a potion of might
 e - 3 potions of curing
 f - 5 potions of heal wounds
 g - 3 potions of haste
 h - 4 potions of magic
 i - 4 potions of berserk rage
 k - 2 potions of invisibility
 n - 2 potions of resistance


   Skills:
 + Level 15.0 Fighting
 + Level 16.1 Axes
 + Level 13.9 Armour
 + Level 13.8 Shields
 * Level 21.6 Invocations


You had 11 spell levels left.
You didn't know any spells.
Your spell library was empty.

Dungeon Overview and Level Annotations

Branches:
Dungeon (1/1)

Altars:
Ashenzari
Cheibriados
Dithmenos
Elyvilon
Fedhas
Gozag
Hepliaklqana
Kikubaaqudgha
Makhleb
Nemelex Xobeh
Okawaru
Qazlal
Ru
Sif Muna
Trog
Uskayaw
Vehumet
Wu Jian
Xom
Yredelemnul
Zin
The Shining One
Beogh
Jiyva
Lugonu

Annotations:
D Arachne


Message History

You block the stream of webbing.
You slice Arachne!! You freeze Arachne.
Arachne is severely wounded.
Arachne hits you with a staff of poison!
Arachne envenoms you!
* * * LOW HITPOINT WARNING * * *
You are poisoned.
You feel much better.
You feel sick.
Arachne stares at you and mumbles some strange words.
The poison arrow hits you!!
You are more poisoned.
* * * LOW HITPOINT WARNING * * *
Arachne's staff shoots out a stream of webbing.
The stream of webbing is repelled.
You feel much better.
You feel very sick. Arachne hits you but does no damage. Arachne envenoms you.
You are more poisoned.
You feel better.
Arachne hits you with a staff of poison!
You feel more protected from physical attacks.
You block Arachne's attack.
You slash Arachne! You freeze Arachne.
Arachne is almost dead.
Arachne casts a spell at you. The poison arrow hits you!
You are poisoned.
* * * LOW HITPOINT WARNING * * *
You feel better.
Arachne is engulfed in blazing flames.
Arachne completely misses you.
You barely miss Arachne.
Arachne is almost dead.
Arachne is engulfed in blazing flames.
Arachne points her staff at you, shooting a stream of webbing.
The stream of webbing hits you but does no damage.
You are caught in a web!
Arachne is engulfed in blazing flames.
Arachne casts a spell at you. The poison arrow hits you!!!
You are poisoned.
You die...

## ####### ##### ###
......###÷..## ....
÷#÷#.........## #≈..#
##.##..)..#...# #≈≈...
#..)##...###.≈# #......
...).##÷##.##.###○.≈....
..)..#...#.#...#.§○≈[...
.....'...'.'.).°@H......
..[..#.).#†#..°#≈...)...
.....##)##.##.###§°.†...
#...##.))###≈.# #......
##.##.....#÷≈.# #†....
.#+#.....).≈≈## #...#
.)....###.≈.## ....
####### ##### ###


You could see Arachne.

Vanquished Creatures
  A merfolk impaler (D)
  A two-headed ogre (D)
  A shadow wraith (D)
  A deep troll (D)
  Pikel (D)
  2 bog bodies (D)
  An orc sorcerer (D)
  Joseph (D)
  A manticore (D)
  A black mamba (D)
  A gargoyle (D)
  An orange demon (D)
  A demonic crawler (D)
  An unseen horror (D)
  A kobold demonologist (D)
  An efreet (D)
  A guardian mummy (D)
  An ice devil (D)
  A hellwing (D)
  A troll (D)
  A polar bear (D)
  6 merfolk (D)
  11 dream sheep (D)
  A snapping turtle (D)
  A flying skull (D)
  A ynoxinul (D)
  A basilisk (D)
  A fire bat (D)
  2 redbacks (D)
  A warg (D)
  2 floating eyes (D)
  A swamp drake (D)
  A sky beast (D)
  A black bear (D)
  Blork the orc (D)
  A bullfrog (D)
  2 crimson imps (D)
  An orc priest (D)
  An iron imp (D)
  Jessica (D)
  2 orc wizards (D)
  A gnoll (D)
  An adder (D)
  A worm (D)
  3 orcs (D)
  An endoplasm (D)
  A giant cockroach (D)
  A hobgoblin (D)
  6 jackals (D)
  A ball python (D)
  A frilled lizard (D)
  A kobold (D)
79 creatures vanquished.

Notes
Turn   | Place    | Note
-------+----------+-------------------------------------------
     0 | D        | BigDaddyOpFi the Hill Orc Fighter began the quest for the
                  | Orb.
     0 | D        | Reached XP level 1. HP: 19/19 MP: 1/1
    34 | D        | Found a bloodstained altar of Trog.
    34 | D        | Found a shimmering blue altar of Sif Muna.
    34 | D        | Found a viscous altar of Jiyva.
    34 | D        | Found a hazy altar of Hepliaklqana.
    34 | D        | Found an opulent altar of Gozag.
    35 | D        | Found a glowing golden altar of the Shining One.
    35 | D        | Found a glowing silver altar of Zin.
    35 | D        | Found a basalt altar of Yredelemnul.
    35 | D        | Found a shimmering altar of Xom.
    35 | D        | Found an ornate altar of the Wu Jian Council.
    35 | D        | Found a sacrificial altar of Ru.
    35 | D        | Found a stormy altar of Qazlal.
    35 | D        | Found an iron altar of Okawaru.
    35 | D        | Found a sparkling altar of Nemelex Xobeh.
    35 | D        | Found a burning altar of Makhleb.
    35 | D        | Found a blossoming altar of Fedhas.
    35 | D        | Found a white marble altar of Elyvilon.
    35 | D        | Found a shadowy altar of Dithmenos.
    35 | D        | Found a snail-covered altar of Cheibriados.
    36 | D        | Found a radiant altar of Vehumet.
    36 | D        | Found a corrupted altar of Lugonu.
    36 | D        | Found a roughly hewn altar of Beogh.
    37 | D        | Found an ancient bone altar of Kikubaaqudgha.
    37 | D        | Found a hide-covered altar of Uskayaw.
    37 | D        | Found a broken altar of Ashenzari.
    40 | D        | Became a worshipper of Qazlal Stormbringer
    66 | D        | Noticed a floating eye
    69 | D        | Killed a floating eye
    70 | D        | Reached skill level 5 in Fighting
    70 | D        | Reached skill level 5 in Axes
    70 | D        | Reached skill level 5 in Armour
    70 | D        | Reached skill level 5 in Shields
    70 | D        | Reached skill level 6 in Invocations
    70 | D        | Reached XP level 2. HP: 30/30 MP: 1/6
    70 | D        | Reached XP level 3. HP: 37/37 MP: 1/7
    70 | D        | Reached XP level 4. HP: 44/44 MP: 1/8
   227 | D        | Reached * piety under Qazlal
   236 | D        | Reached ** piety under Qazlal
   237 | D        | Reached XP level 5. HP: 50/50 MP: 9/9
   246 | D        | Noticed a warg
   247 | D        | Noticed a floating eye
   250 | D        | Paralysed by a floating eye for 2 turns
   263 | D        | Paralysed by a floating eye for 4 turns
   263 | D        | Killed a warg
   264 | D        | Reached skill level 8 in Invocations
   264 | D        | Reached XP level 6. HP: 11/60 MP: 10/12
   265 | D        | Killed a floating eye
   265 | D        | Reached *** piety under Qazlal
   266 | D        | Reached skill level 9 in Invocations
   570 | D        | Noticed Jessica
   580 | D        | Killed Jessica
   581 | D        | Reached skill level 10 in Invocations
   590 | D        | Reached **** piety under Qazlal
   591 | D        | Reached XP level 7. HP: 62/68 MP: 13/15
   608 | D        | Reached skill level 11 in Invocations
   759 | D        | Noticed a kobold demonologist
   762 | D        | Noticed a ynoxinul
   763 | D        | Killed a kobold demonologist
   764 | D        | Reached skill level 12 in Invocations
   764 | D        | Reached XP level 8. HP: 78/78 MP: 15/17
   861 | D        | Noticed Blork the orc
   861 | D        | Noticed a flying skull
   863 | D        | Reached ***** piety under Qazlal
   868 | D        | Killed a flying skull
   869 | D        | Reached skill level 10 in Axes
   869 | D        | Reached skill level 13 in Invocations
   872 | D        | Killed Blork the orc
   964 | D        | Noticed an ice devil
   964 | D        | Noticed a dream sheep
   964 | D        | Noticed a dream sheep
   964 | D        | Noticed a dream sheep
   964 | D        | Noticed a dream sheep
   964 | D        | Noticed a dream sheep
   965 | D        | Killed a dream sheep
   965 | D        | Killed a dream sheep
   965 | D        | Killed a dream sheep
   965 | D        | Killed a dream sheep
   965 | D        | Killed a dream sheep
   965 | D        | Reached ****** piety under Qazlal
   966 | D        | Reached skill level 10 in Fighting
   966 | D        | Reached skill level 10 in Armour
   966 | D        | Reached skill level 10 in Shields
   966 | D        | Reached skill level 15 in Invocations
   966 | D        | Reached XP level 9. HP: 86/86 MP: 10/20
   973 | D        | Killed an ice devil
  1277 | D        | Noticed a guardian mummy
  1279 | D        | Killed a guardian mummy
  1280 | D        | Reached skill level 16 in Invocations
  1446 | D        | Noticed a gargoyle
  1446 | D        | Noticed a demonic crawler
  1446 | D        | Noticed Joseph
  1446 | D        | Noticed a troll
  1447 | D        | Killed a gargoyle
  1447 | D        | Killed Joseph
  1447 | D        | Killed a troll
  1448 | D        | Reached skill level 17 in Invocations
  1448 | D        | Reached XP level 10. HP: 87/97 MP: 13/22
  1471 | D        | Killed a demonic crawler
  1732 | D        | Killed Pikel
  1732 | D        | Noticed an orange demon
  1733 | D        | Reached skill level 18 in Invocations
  1733 | D        | Noticed a bog body
  1733 | D        | Noticed a merfolk impaler
  1734 | D        | Noticed a bog body
  1740 | D        | Killed an orange demon
  1740 | D        | Killed a bog body
  1740 | D        | Killed a merfolk impaler
  1740 | D        | Killed a bog body
  1741 | D        | Reached skill level 19 in Invocations
  1741 | D        | Reached XP level 11. HP: 107/107 MP: 7/24
  1754 | D        | Killed a shadow wraith
  1757 | D        | Reached skill level 15 in Axes
  1757 | D        | Reached skill level 20 in Invocations
  2035 | D        | Noticed a deep troll
  2035 | D        | Noticed a manticore
  2039 | D        | Noticed a two-headed ogre
  2039 | D        | Killed a manticore
  2039 | D        | Killed a deep troll
  2039 | D        | Killed a two-headed ogre
  2040 | D        | Reached skill level 21 in Invocations
  2041 | D        | Noticed Arachne
  2041 | D        | Noticed an orc sorcerer
  2042 | D        | Killed an orc sorcerer
  2043 | D        | Reached skill level 15 in Fighting
  2043 | D        | Reached XP level 12. HP: 112/119 MP: 9/26
  2054 | D        | Killed from afar by Arachne

Illustrated notes

Levels and vault maps discovered:
D:        pitsprint [storerooms_1, entrance_room_1, metal_vault_3, armoury_3,
          mini_pit_1, grid_room_1, main_hall_1, silver_pit, the_coven_2,
          the_vestibule_1, steel_vault_4, golden_pit, hallway_of_sentries,
          crystal_vault_2, iron_vault_3, final_vault]

Skill      XL: |  1  2  3  4  5  6  7  8  9 10 11 |
---------------+----------------------------------+-----
Axes           | 5 7 8 9 11 13 14 16 | 16.1
Fighting       | 5 7 8 9 10 12 13 15 | 15.0
Armour         | 5 6 7 8 10 11 12 13 | 13.9
Shields        | 5 6 7 8 10 11 12 13 | 13.8
Invocations    | 6 8 10 12 15 17 19 21 | 21.6

Action                     |  1- 3 |  4- 6 |  7- 9 | 10-12 || total
---------------------------+-------+-------+-------+-------++-------
  Melee: War axe           |    12 |    46 |    63 |       ||   121
         Broad axe         |       |       |       |    52 ||    52
 Invoke: Disaster Area     |       |       |     3 |     5 ||     8
         Upheaval          |       |       |       |     2 ||     2
    Use: Potion            |       |     3 |       |     4 ||     7
 Armour: Scale mail        |     4 |    15 |       |       ||    19
         Chain mail        |       |     6 |    29 |    24 ||    59
  Dodge: Dodged            |     7 |    12 |     9 |    24 ||    52
         Repelled          |       |       |       |     2 ||     2
  Block: Buckler           |     6 |    22 |    32 |    59 ||   119

Table legend: (Time is in decaauts)
 A = Elapsed time spent in this place.
 B = Non-inter-level travel time spent in this place.
 C = Inter-level travel time spent in this place.
 D = Time resting spent in this place.
 E = Time spent auto-exploring this place.
 F = Levels seen in this place.
 G = Mean time per level.
                   A        B        C        D        E       F      G
               +--------+--------+--------+--------+--------+-----+--------+
         Total |   2076 |   2015 |     61 |   1513 |      0 |   1 | 2076.0 |
       Dungeon |   2076 |   2015 |     61 |   1513 |      0 |   1 | 2076.0 |
               +--------+--------+--------+--------+--------+-----+--------+

Top non-repeatable levels by time:
       D: 2076 daAuts
